 Dungeon Crawl Stone Soup version 0.28.0 (webtiles) character file.

Game seed: 10180283124014393018

14 Anon1729 the Insei (level 2, -1/18 HPs)
             Began as an Octopode Transmuter on Feb 15, 2022.
             Slain by an adder (4 damage)
             ... on level 2 of the Dungeon.
             The game lasted 00:00:39 (912 turns).

Anon1729 the Insei (Octopode Transmuter)             Turns: 912, Time: 00:00:40

Health: -1/18      AC:  1    Str:  9    XL:     2   Next: 41%
Magic:  5/5        EV: 13    Int: 15    God:
Gold:   16         SH:  0    Dex: 12    Spells: 4/5 levels left

rFire   . . .      SeeInvis .     - Unarmed
rCold   . . .      Faith    .   (no shield)
rNeg    . . .      Spirit   .   (helmet currently unavailable)
rPois   .          Reflect  .   (no amulet)
rElec   .          Harm     .   (no ring)
rCorr   .          Rampage  .   (no ring)
Will    .....                   (no ring)
Stlth   ++........              (no ring)
HPRegen 0.06/turn               (no ring)
MPRegen 0.09/turn               (no ring)
                                (no ring)
                                (no ring)

@: appendages (expiring)
A: tentacle spike 3, almost no armour, amphibious, 8 rings, camouflage 1,
gelatinous body 1, (nimble swimmer 1), tentacles
a: End Transformation


You were on level 2 of the Dungeon.
One of your tentacles had grown a beastly spike.
You visited 1 branch of the dungeon, and saw 2 of its levels.

You collected 16 gold pieces.

Inventory:

Magical Staves
 c - a staff of earth
Scrolls
 a - a scroll of teleportation {unknown}
 d - 2 scrolls of amnesia {unknown}
Potions
 b - a potion of curing {unknown}


   Skills:
 - Level 1.0 Fighting
 - Level 2.0 Dodging
 * Level 3.5 Unarmed Combat
 - Level 2.0 Spellcasting
 + Level 2.3 Transmutations


You had 4 spell levels left.
You knew the following spells:

 Your Spells              Type           Power      Damage    Failure   Level
a - Beastly Appendage     Tmut           16%        N/A       9%          1

Your spell library contained the following spells:

 Spells                   Type           Power      Damage    Failure   Level
 Wereblood                Tmut           8%         N/A       13%         2
 Spider Form              Tmut/Pois      4%         N/A       38%         3
 Portal Projectile        Hex/Tloc       2%         N/A       54%         3
 Ice Form                 Ice/Tmut       4%         N/A       80%         4
 Blade Hands              Tmut           4%         N/A       94%         5
 Excruciating Wounds      Necr           0%         N/A       99%         5


Dungeon Overview and Level Annotations

Branches:
Dungeon (2/15)

Altars:


Innate Abilities, Weirdness & Mutations

One of your tentacles has grown a beastly spike.
You cannot wear most types of armour.
You are amphibious.
You can wear up to eight rings at the same time.
Your skin changes colour to match your surroundings (Stealth+).
Your rubbery body absorbs attacks. (AC +1, EV +1)
((You are camouflaged when in or above water. (Stealth+)))
You have tentacles for arms and can constrict up to eight enemies at once.


Message History

The adder is lightly wounded.
The adder closely misses you. The endoplasm barely misses you.
The adder bites you.
You barely miss the adder. Your grab misses the adder.
Your tentacle spike misses the adder.
You squeeze the adder.
The adder is moderately wounded.
The endoplasm misses you. The adder misses you.
You tentacle-slap the adder but do no damage.
Your grab misses the adder. Your squeeze misses the adder.
The adder is moderately wounded.
The endoplasm barely misses you. The adder bites you.
You are too injured to fight recklessly!
You are too injured to fight recklessly!
You are too injured to fight recklessly!
You are too injured to fight recklessly!
You are too injured to fight recklessly!
You are too injured to fight recklessly!
There are monsters nearby!
You barely miss the adder. Your grab misses the adder.
Your tentacle spike misses the adder.
The adder is moderately wounded.
The adder barely misses you. The endoplasm freezes you.
You are frozen.
* * * LOW HITPOINT WARNING * * *
Unknown command.
Unknown command.
You tentacle-slap the adder. Your grab misses the adder.
Your tentacle spike misses the adder.
The adder is severely wounded.
The adder misses you. The endoplasm freezes you.
You are frozen.
* * * LOW HITPOINT WARNING * * *
Unknown command.
You miss the adder. Your grab misses the adder.
The adder is severely wounded.
Your transformation is almost over.
The adder bites you.
You die...

#. #.....# #.# #
####...####.#
...#........#
##........###
..........#
#........#
###....###
#.#..#########
#.#....@†$...# .
#....JS....#
..............#
....#....(.....#
....##...##+####
### #.#.# #...#
...(.


You could see an adder and an endoplasm.

Vanquished Creatures
  A dart slug (D:1)
  A ball python (D:2)
  An endoplasm (D:1)
  A giant cockroach (D:1)
  2 goblins
  2 hobgoblins (D:1)
  A bat (D:1)
  A rat (D:1)
10 creatures vanquished.

Notes
Turn   | Place    | Note
-------+----------+-------------------------------------------
     0 | D:1      | Anon1729 the Octopode Transmuter began the quest for the
                  | Orb.
     0 | D:1      | Reached XP level 1. HP: 13/13 MP: 3/3
   175 | D:1      | Reached XP level 2. HP: 12/18 MP: 3/5
   673 | D:1      | Found a faded altar of an unknown god.
   912 | D:2      | Slain by an adder

Illustrated notes

Levels and vault maps discovered:
D:1:      dpeg_arrival_refuge, layout_basic, hellmonk_ecumenical_altar_run_dry
D:2:      layout_basic

Action                   || total
-------------------------++-------
Melee: Unarmed           ||    31
       Constrict         ||     7
       Kick              ||     6
       Tentacles         ||     2
       Punch             ||     1
 Cast: Beastly Appendage ||     8
 Stab: Sleeping          ||     2
Armor: Skin              ||     2
Dodge: Dodged            ||    18
